 Dungeon Crawl Stone Soup version 0.25-a0-424-g80bd347ae0 (webtiles) character file.

Game seed: 7325714309784944836, levelgen mode: deterministic

3866 Lugonue the Covert (level 9, -3/73 HPs)
             Began as a Deep Elf Conjurer on Jan 23, 2020.
             Was a High Priest of Okawaru.
             Slain by a howler monkey (4 damage)
             ... on level 9 of the Dungeon.
             The game lasted 00:28:28 (6091 turns).

Lugonue the Covert (Deep Elf Conjurer)              Turns: 6091, Time: 00:28:29

Health: -3/73      AC: 24    Str:  5    XL:     9   Next: 99%
Magic:  0/22       EV:  2    Int: 24    God:    Okawaru [*****.]
Gold:   391        SH:  0    Dex: 15    Spells: 10/23 levels left

rFire    . . .     SeeInvis .   l - +3 rapier (speed)
rCold    . . .     Gourm    .   (no shield)
rNeg     + + +     Faith    .   (armour currently unavailable)
rPois    +         Spirit   .   (helmet currently unavailable)
rElec    .         Reflect  .   (cloak currently unavailable)
rCorr    +         Harm     .   (gloves currently unavailable)
MR       .....     NoTele   +   (boots currently unavailable)
Stlth    +++++.....             (no amulet)
HPRegen  0.22/turn              p - ring of resist corrosion
MPRegen  0.18/turn              (no ring)

@: tree-form
A: no striking features
a: Heroism, Finesse, Renounce Religion


You were on level 9 of the Dungeon.
You worshipped Okawaru.
Okawaru was extremely pleased with you.
You were hungry.
You were a tree.
You visited 2 branches of the dungeon, and saw 10 of its levels.

You collected 391 gold pieces.

Inventory:

Hand Weapons
 f - a +0 short sword of holy wrath
 g - a +3 dagger
 k - a +0 dagger of flaming
 l - a +3 rapier of speed (weapon)
 n - a +2 dagger of draining
Armour
 a - a +0 robe (melded)
 b - a +1 pair of boots (melded)
 h - a +0 cloak (melded)
Jewellery
 p - a ring of resist corrosion (left branch)
Wands
 d - a wand of acid (2)
 j - a wand of digging (5)
 o - a wand of iceblast (22)
 t - a wand of disintegration (7)
Scrolls
 m - 2 scrolls of remove curse
 q - 3 scrolls of identify
Potions
 i - 2 potions of lignification
Comestibles
 c - 7 rations


   Skills:
 + Level 2.6 Fighting
 + Level 5.5 Short Blades
 + Level 6.7 Dodging
 + Level 10.7 Stealth
 + Level 7.9 Spellcasting
 + Level 7.5 Conjurations
 + Level 2.5 Hexes
 + Level 0.2 Translocations
 + Level 0.6 Invocations


You had 10 spell levels left.
You knew the following spells:

 Your Spells              Type           Power        Failure   Level  Hunger
a - Magic Dart            Conj           ####         1%          1    None
b - Searing Ray           Conj           #####.       1%          2    None
c - Dazzling Flash        Conj/Hex       ####..       2%          3    None
d - Iskenderun's Mystic   Conj/Tloc      ####....     13%         4    ##.....
e - Tukima's Dance        Hex            ###.....     7%          3    None

Your spell library contained the following spells:

 Spells                   Type           Power        Failure   Level  Hunger
 Apportation              Tloc           ##....       6%          1    None
 Summon Butterflies       Summ           #.......     7%          1    None
 Fulminant Prism          Conj/Hex       ####......   9%          4    ##.....
 Lesser Beckoning         Tloc           ##........   19%         3    None
 Irradiate                Conj/Tmut      ####......   36%         5    #####..
 Alistair's Intoxication  Tmut/Pois      #.......     88%         5    #####..
 Invisibility             Hex            ###.....     98%         6    ######.
 Hydra Form               Tmut           #.........   100%        6    ######.
 Statue Form              Tmut/Erth      #........    100%        6    ######.
 Dragon Form              Tmut           #.........   100%        7    #######


Dungeon Overview and Level Annotations

Branches:
Dungeon (9/15)             Temple (1/1) D:4
   Lair: D:8-11         Orc: D:9-12

Altars:
Ashenzari
Elyvilon
Kikubaaqudgha
Makhleb
Okawaru
Ru
Zin

Shops:
D:9 %

Annotations:
D:7 Harold
D:8 2 transporters
D:9 Maurice


Message History

Okawaru accepts your kill.
The bolt of acid hits the howler monkey!
The howler monkey is splashed with acid.
The acid corrodes the howler monkey!
The howler monkey is almost dead.
The howler monkey hits you but does no damage.
The cyan ugly thing headbutts you but does no damage.
Okay, then.
Evoke which item? (* to show all) (? for menu, Esc to quit)
Aiming: Corrosive Bolt
Press: ? - help, Shift-Dir - straight line, f/p - howler monkey
Aim: a howler monkey (almost dead, blind, covered in acid, hasn't noticed you)
The bolt of acid hits the cyan ugly thing!
The cyan ugly thing is splashed with acid.
The cyan ugly thing is heavily wounded.
The bolt of acid misses the bullfrog.
The bolt of acid misses the howler monkey.
You hear a shout!
The howler monkey hits you.
You die...

......................
...............<......
......................
..............<.......
.5.8.........h........
..............Z.......
............SFZ.......
#..∩.......##u##...###
#.......h((#h♣†#...#
#......(...#...#...#
#.>8.......#...#...#
#........!.#####
#..........u..
#...?Z..........
#..).........###
#...........##
#.<.........#


You could see a cyan ugly thing, a bullfrog, 2 howler monkeys, an adder (blind),
a hound zombie and an adder skeleton.

Vanquished Creatures
  A two-headed ogre (D:8)
  Pikel (D:8)
  Joseph (D:7)
  Grinder (D:6)
  Sigmund (D:5)
  Menkaure (D:7)
  A sky beast (D:6)
  A slave (D:7)
  An orc warrior (D:8)
  An ogre (D:7)
  A phantom (D:6)
  2 centaurs
  4 bullfrogs
  A wyvern skeleton (D:8)
  A scorpion (D:7)
  A water moccasin skeleton (D:3)
  4 howler monkeys
  6 crimson imps
  2 jellies
  2 orc priests
  4 hounds
  A centaur skeleton (D:4)
  6 orc wizards
  3 worker ants
  An iguana (D:9)
  Ijyb (D:5)
  A howler monkey skeleton (D:5)
  7 gnolls
  3 adders
  2 shadow imps
  An adder zombie (D:8)
  2 adder skeletons
  5 worms
  A dart slug (D:3)
  5 leopard geckos
  21 orcs
  A ball python (D:2)
  2 giant cockroaches
  2 goblins
  6 hobgoblins
  4 jackals (D:2)
  4 quokkas
  A bat (D:2)
  5 frilled lizards
  A giant cockroach zombie (D:6)
  A jackal zombie (D:8)
  2 kobolds
  A leopard gecko skeleton (D:7)
  A leopard gecko zombie (D:5)
  9 rats
138 creatures vanquished.

Vanquished Creatures (others)
  2 hungry ghosts (D:8)
  3 dancing weapons
  A slave (D:8)
  3 howler monkeys (D:8)
  A jelly (D:9)
  A shadow imp (D:8)
11 creatures vanquished.

Grand Total: 149 creatures vanquished

Notes
Turn   | Place    | Note
-------+----------+-------------------------------------------
     0 | D:1      | Lugonue the Deep Elf Conjurer began the quest for the Orb.
     0 | D:1      | Reached XP level 1. HP: 10/10 MP: 6/6
   321 | D:1      | Reached XP level 2. HP: 15/15 MP: 6/8
   541 | D:2      | Learned a level 2 spell: Searing Ray
   785 | D:2      | Reached skill level 5 in Conjurations
   788 | D:2      | Reached XP level 3. HP: 19/19 MP: 5/10
  1125 | D:2      | Found a sacrificial altar of Ru.
  1164 | D:3      | Learned a level 3 spell: Dazzling Flash
  1416 | D:3      | Reached skill level 3 in Stealth
  1527 | D:3      | Reached XP level 4. HP: 17/24 MP: 3/11
  1570 | D:3      | Found an iron altar of Okawaru.
  1578 | D:3      | Became a worshipper of Warmaster Okawaru
  1608 | D:3      | Reached skill level 1 in Short Blades
  1608 | D:3      | Reached XP level 5. HP: 18/28 MP: 8/12
  1621 | D:3      | Found a faded altar of an unknown god.
  1635 | D:3      | Reached skill level 4 in Stealth
  2078 | D:4      | Found a shattered altar of Ashenzari.
  2155 | D:4      | Found a staircase to the Ecumenical Temple.
  2564 | D:5      | Entered Level 5 of the Dungeon
  2617 | D:5      | Learned a level 4 spell: Iskenderun's Mystic Blast
  2632 | D:5      | Noticed Ijyb
  2911 | Temple   | Entered the Ecumenical Temple
  2962 | D:5      | Noticed Sigmund
  2983 | D:5      | Killed Sigmund
  2983 | D:5      | Reached * piety under Okawaru
  2983 | D:5      | Reached skill level 5 in Stealth
  2983 | D:5      | Reached XP level 6. HP: 33/33 MP: 11/14
  3149 | D:5      | Killed Ijyb
  3198 | D:5      | Reached skill level 1 in Hexes
  3386 | D:5      | Reached skill level 1 in Fighting
  3386 | D:5      | Reached XP level 7. HP: 38/38 MP: 8/15
  3669 | D:6      | Reached skill level 6 in Stealth
  3753 | D:6      | Reached ** piety under Okawaru
  3759 | D:6      | Found a glowing silver altar of Zin.
  3921 | D:6      | Noticed Grinder
  3957 | D:6      | Reached skill level 7 in Stealth
  3981 | D:6      | Killed Grinder
  3981 | D:6      | Reached skill level 5 in Spellcasting
  3981 | D:6      | Reached XP level 8. HP: 40/43 MP: 4/17
  4020 | D:6      | Reached skill level 5 in Dodging
  4164 | D:6      | Found a white marble altar of Elyvilon.
  4191 | D:6      | Found an ancient bone altar of Kikubaaqudgha.
  4212 | D:6      | Found a burning altar of Makhleb.
  4224 | D:6      | Found a sacrificial altar of Ru.
  4305 | D:7      | Noticed Menkaure
  4312 | D:7      | Killed Menkaure
  4312 | D:7      | Reached *** piety under Okawaru
  4312 | D:7      | Reached skill level 8 in Stealth
  4314 | D:7      | Noticed Joseph
  4320 | D:7      | Killed Joseph
  4344 | D:7      | Reached skill level 9 in Stealth
  4450 | D:7      | Reached skill level 5 in Short Blades
  4589 | D:7      | Reached XP level 9. HP: 48/48 MP: 8/19
  4708 | D:7      | Noticed Harold
  4853 | D:8      | Noticed Pikel
  4853 | D:8      | Noticed a two-headed ogre
  5043 | D:8      | Reached **** piety under Okawaru
  5086 | D:8      | Found a transporter.
  5091 | D:8      | Found a transporter.
  5124 | D:8      | Learned a level 3 spell: Tukima's Dance
  5140 | D:8      | Killed Pikel
  5140 | D:8      | Reached skill level 10 in Stealth
  5330 | D:8      | Killed a two-headed ogre
  5330 | D:8      | Reached ***** piety under Okawaru
  5811 | D:8      | Noticed a glowing orange brain
  5877 | D:9      | Noticed Maurice
  5877 | D:9      | Noticed a cyan ugly thing
  5878 | D:9      | Noticed an efreet
  5958 | D:9      | Found Agapnauf's Food Shop.
  6059 | D:9      | HP: 1/49 [centaur/arrow (12)]
  6079 | D:9      | HP: 3/73 [centaur/arrow (1)]
  6089 | D:9      | HP: 1/73 [howler monkey (4)]
  6091 | D:9      | Slain by a howler monkey

Levels and vault maps discovered:
D:1:      erik_arrival_blinker_ship, layout_rooms
D:2:      layout_loops_ring, hangedman_abyss_or_decor_lesser_grid,
          nicolae_ru_path_of_blood
D:3:      layout_basic, okawaru_metal_pillars_1_2,
          chequers_ecumenical_altar_simple_redux, chequers_serial_rivers_micro_d
D:4:      layout_loops_ring, nicolae_ashenzari_panopticon,
          minmay_temple_entry_statues_pillars, first_ration
D:5:      layout_basic, chequers_arboretum, uniq_sigmund, uniq_ijyb
D:6:      layout_basic, nicolae_overflow_quartered_altars, lemuel_doored_altar,
          uniq_grinder
D:7:      layout_loops_ring, uniq_harold, uniq_menkaure, uniq_joseph
D:8:      gammafunk_jiyva_shrine, layout_basic, uniq_pikel
D:9:      layout_cross, serial_column_ruins, column_ruins_hut,
          column_ruins_open_small, column_ruins_columns_water,
          column_ruins_columns_straight, serial_shops, shop_statue, uniq_maurice
Temple:   regret_index_temple_generic_petals

Skill      XL: |  1  2  3  4  5  6  7  8  9 |
---------------+----------------------------+-----
Conjurations   | 5 6 7 |  7.5
Stealth        | 3 5 7 9 10 | 10.7
Short Blades   | 1 2 4 5 |  5.5
Dodging        | 3 4 5 6 |  6.7
Spellcasting   | 4 5 7 |  7.9
Hexes          | 1 2 |  2.5
Fighting       | 1 2 |  2.6
Translocations | |  0.2
Invocations    | |  0.6

Action                   |  1- 3 |  4- 6 |  7- 9 || total
-------------------------+-------+-------+-------++-------
Melee: Dagger            |    11 |       |       ||    11
       Rapier            |    42 |    14 |    95 ||   151
 Cast: Magic Dart        |    35 |    17 |    57 ||   109
       Searing Ray       |     4 |    13 |    46 ||    63
       Dazzling Flash    |     4 |       |     7 ||    11
       Tukima's Dance    |       |       |     7 ||     7
       Iskenderun's Myst |       |       |     4 ||     4
Invok: Heroism           |       |       |     2 ||     2
Evoke: Wand              |       |       |     2 ||     2
  Use: Potion            |       |     3 |     3 ||     6
       Scroll            |       |     9 |     8 ||    17
 Stab: Sleeping          |     6 |     2 |    11 ||    19
       Invisible         |     3 |       |     2 ||     5
       Distracted        |       |       |     1 ||     1
  Eat: Chunk             |     2 |       |     4 ||     6
       Ration            |       |     2 |     1 ||     3
Armor: Robe              |     9 |     3 |    20 ||    32
       Skin              |       |       |    39 ||    39
Dodge: Dodged            |    26 |    10 |    83 ||   119

Table legend:
 A = Non-vault XP
 B = Vault XP
 C = Vault XP percentage of total XP
 D = Non-vault monster count
 E = Vault monster count
 F = Vault count percentage of total count
                 A         B        C        D         E       F
            +---------+---------+-------+---------+---------+-------
      Total |    3627 |    1897 |  34.3 |     131 |       6 |   4.4
            +---------+---------+-------+---------+---------+-------
        D:1 |      15 |       0 |   0.0 |      10 |       0 |   0.0
        D:2 |      50 |       0 |   0.0 |      18 |       0 |   0.0
        D:3 |     161 |       0 |   0.0 |      16 |       0 |   0.0
        D:4 |     133 |       0 |   0.0 |       8 |       0 |   0.0
        D:5 |     117 |     275 |  70.2 |      11 |       2 |  15.4
        D:6 |     581 |     309 |  34.7 |      19 |       1 |   5.0
        D:7 |     838 |     650 |  43.7 |      23 |       2 |   8.0
        D:8 |    1367 |     663 |  32.7 |      17 |       1 |   5.6
        D:9 |     365 |       0 |   0.0 |       9 |       0 |   0.0
            +---------+---------+-------+---------+---------+-------
